[Event "Team 45 45 League T39"]
[Site "Internet Chess Club"]
[Date "2008.10.25"]
[Round "1"]
[White "clarinetref"]
[Black "nanning"]
[Result "1-0"]
[WhiteElo "1719"]
[BlackElo "1577"]
[Opening "Réti: old Indian attack"]
[ECO "A06"]
[Time "15:04:42"]
[TimeControl "2700+45"]

1. Nf3 d5 2. d3 Nf6 3. g3 e6 4. Bg2 c5 5. c3 Nc6 6. O-O Be7 7. Re1 O-O 8. Nbd2
e5 9. e4 d4 10. Nc4 Qc7 11. a4 Be6 12. Na3 a6 13. c4 Nd7 14. Ng5 Qd6 15. h4 Bxg5
16. Bxg5 Nb4 17. Nc2 Nxc2 18. Qxc2 a5 19. Bd2 Nf6 20. f4 exf4 21. Bxf4 Qd7 22.
e5 Nh5 23. Qf2 f6 24. Bf3 Nxf4 25. gxf4 fxe5 26. Rxe5 Rxf4 27. Rae1 Bg4 28. Bd5+
Qxd5 29. Qxf4 Qd7 30. Re7 Rf8 31. Rxd7 {Black resigns} 1-0

[Event "Team 45 45 League T39"]
[Site "Internet Chess Club"]
[Date "2008.10.24"]
[Round "1"]
[White "medsurg"]
[Black "whiterook"]
[Result "0-1"]
[WhiteElo "1414"]
[BlackElo "1608"]
[Opening "Nimzo-Indian: Spielmann variation"]
[ECO "E22"]
[Time "12:00:14"]
[TimeControl "2700+45"]

1. d4 Nf6 2. c4 e6 3. Nc3 Bb4 4. Qb3 c5 5. Nf3 Nc6 6. e3 Ne4 7. Bd2 Nxd2 8. Nxd2
cxd4 9. exd4 Nxd4 10. Qd1 Bxc3 11. bxc3 Nc6 12. Bd3 Ne5 13. Bc2 f5 14. Qe2 Qf6
15. f3 b6 16. Ba4 Bb7 17. Qf2 Nd3+ {White resigns} 0-1

[Event "Team 45 45 League T39"]
[Site "Internet Chess Club"]
[Date "2008.10.23"]
[Round "1"]
[White "Aquaman"]
[Black "ticopatzer"]
[Result "1-0"]
[WhiteElo "1363"]
[BlackElo "1427"]
[Opening "Blackmar gambit"]
[ECO "D00"]
[Time "20:00:30"]
[TimeControl "2700+45"]

1. d4 d5 2. e4 dxe4 3. Nc3 Nf6 4. f3 exf3 5. Nxf3 Bg4 6. h3 Bxf3 7. Qxf3 c6 8.
Be3 e6 9. Bd3 Bb4 10. O-O Nbd7 11. Ne4 Qe7 12. c3 Ba5 13. Bg5 Bd8 14. Qf4 h6 15.
Nd6+ Kf8 16. Bxf6 Nxf6 17. Ne4 Bc7 18. Qf3 Nxe4 19. Bxe4 f6 20. c4 Rd8 21. Rad1
h5 22. c5 h4 23. b4 Bg3 24. Kh1 a6 25. a4 Qf7 26. Bc2 Rh5 27. a5 Rhd5 28. Qg4
Qh5 29. Qe4 Qf7 30. Bb3 f5 31. Bxd5 Rxd5 32. Qe2 Qf6 33. Qb2 {Black forfeits on
time} 1-0

[Event "Team 45 45 League T39"]
[Site "Internet Chess Club"]
[Date "2008.10.28"]
[Round "1"]
[White "SugarIslander"]
[Black "cityprosecutor"]
[Result "0-1"]
[WhiteElo "1642"]
[BlackElo "1746"]
[Opening "Sicilian: dragon variation"]
[ECO "B73"]
[Time "19:49:48"]
[TimeControl "2700+45"]

1. e4 c5 2. Nf3 d6 3. d4 cxd4 4. Nxd4 Nf6 5. Nc3 g6 6. Be2 Bg7 7. O-O O-O 8. Be3
Nc6 9. f3 Bd7 10. Qd2 Re8 11. Rfd1 a6 12. a3 b5 13. Rab1 Rc8 14. Na2 Qc7 15. c3
Ne5 16. Nb4 Qb7 17. Qe1 Nc4 18. Bf2 a5 19. Na2 e5 20. Nc2 d5 21. b3 Nb6 22. Rd3
dxe4 23. fxe4 Nxe4 24. Bf3 f5 25. Rbd1 Bc6 26. Kf1 Nxf2 27. Bxc6 Nxd3 28. Bxb7
Nxe1 29. Nxe1 Rcd8 30. Ke2 Rxd1 31. Kxd1 Rd8+ 32. Ke2 Nd5 33. g3 e4 34. Bc6 Nc7
35. Nc2 Rd6 36. Bb7 Kf7 37. Ne3 Ke7 38. c4 Bd4 39. Nd5+ Nxd5 40. Bxd5 bxc4 41.
Bxc4 Bb2 42. b4 Bxa3 43. bxa5 Rc6 44. Bb3 Kd6 45. Kd1 Ke5 46. Bc2 e3 47. Nc1
Bxc1 48. Kxc1 e2 49. Kd2 Rxc2+ 50. Ke1 Kd4 51. a6 Ke3 52. a7 Rc1# {White
checkmated} 0-1

[Event "Team 45 45 League T39"]
[Site "Internet Chess Club"]
[Date "2008.10.25"]
[Round "1"]
[White "mongmong"]
[Black "oldsj"]
[Result "1-0"]
[WhiteElo "1666"]
[BlackElo "1561"]
[Opening "Colle system"]
[ECO "D05"]
[Time "19:27:36"]
[TimeControl "2700+45"]

1. d4 Nf6 2. Nf3 d5 3. e3 e6 4. Bd3 c5 5. c3 Nc6 6. Nbd2 Bd6 7. O-O O-O 8. Qe2
Re8 9. dxc5 Bxc5 10. e4 e5 11. Nb3 Bb6 12. Bg5 dxe4 13. Bxe4 Bc7 14. Rac1 Bg4
15. Rcd1 Qe7 16. h3 Bd7 17. Rd2 Rad8 18. Rfd1 h6 19. Bh4 g5 20. Bg3 Nxe4 21.
Qxe4 f5 22. Qc4+ Be6 23. Qe2 e4 24. Nfd4 Bxg3 25. fxg3 Nxd4 26. Nxd4 Qc5 27. Qh5
Qb6 28. Qxh6 e3 29. Qxg5+ Kh8 30. Qxe3 Bd5 31. Qf2 Qh6 32. Nxf5 Qc6 33. Qd4+
{Black resigns} 1-0

[Event "Team 45 45 League T39"]
[Site "Internet Chess Club"]
[Date "2008.11.02"]
[Round "1"]
[White "Just-Jim"]
[Black "beerss"]
[Result "0-1"]
[WhiteElo "1410"]
[BlackElo "1475"]
[Opening "Robatsch (modern) defense"]
[ECO "B06"]
[Time "16:30:42"]
[TimeControl "2700+45"]

1. e4 g6 2. d4 Bg7 3. c3 h6 4. Bf4 d6 5. Be2 e6 6. Nf3 Ne7 7. Nbd2 Nd7 8. O-O a6
9. h3 b6 10. Nh2 Bb7 11. Bf3 g5 12. Bg3 O-O 13. Re1 Ng6 14. Nc4 Rb8 15. e5 d5
16. Ne3 Bc8 17. c4 c6 18. b4 Rb7 19. b5 axb5 20. cxb5 c5 21. dxc5 bxc5 22. a4
Ngxe5 23. Neg4 Nxf3+ 24. Nxf3 Bxa1 25. Nxh6+ Kh7 26. Ng4 Bg7 27. Be5 Nxe5 28.
Ngxe5 Bxe5 29. Rxe5 f6 30. Re2 c4 31. Qc2+ Kg8 32. Qg6+ Kh8 33. Nh2 Rg7 34. Qh6+
Rh7 35. Qg6 Rff7 36. Ng4 Qf8 37. a5 Qg7 38. Qb1 e5 39. a6 Bxg4 40. hxg4 Qh6 41.
Qf5 Qh1# {White checkmated} 0-1

[Event "Team 45 45 League T39"]
[Site "Internet Chess Club"]
[Date "2008.10.23"]
[Round "1"]
[White "Glassywoman"]
[Black "GadsHill"]
[Result "1/2-1/2"]
[WhiteElo "1405"]
[BlackElo "1542"]
[Opening "Pirc defense"]
[ECO "B07"]
[Time "18:00:13"]
[TimeControl "2700+45"]

1. e4 d6 2. d4 Nf6 3. Bd3 Nbd7 4. Nf3 e5 5. d5 Be7 6. O-O O-O 7. Bg5 h6 8. Bh4
Nh5 9. Bxe7 Qxe7 10. g3 Nhf6 11. Nc3 Nc5 12. Nh4 g6 13. Qd2 Kg7 14. b4 Nxd3 15.
cxd3 Bh3 16. Rfc1 a6 17. f3 Rac8 18. Qe2 Nh7 19. Qd2 f5 20. exf5 Bxf5 21. Nxf5+
Rxf5 22. Qe3 Qf7 23. Kg2 Ng5 24. Rf1 Rf8 25. f4 exf4 26. Qd4+ Kh7 27. gxf4 Rxf4
28. Rxf4 Qxf4 29. Qxf4 Rxf4 30. a3 Nf7 31. Re1 Ne5 32. Re3 Rd4 33. Re1 Rxd3 34.
Rc1 c6 35. dxc6 bxc6 36. a4 Kg7 37. Ne4 d5 38. Nc5 Ra3 39. a5 d4 40. Ne6+ Kf6
41. Nxd4 Nd3 42. Rxc6+ Kg5 43. Rc4 Ra4 44. Nf3+ Kf6 45. Rc6+ Kg7 46. Rxa6 Nxb4
47. Ra7+ Kf6 48. Nd4 Ke5 49. Nf3+ Kd5 50. Rb7 Nc6 51. Rg7 Rxa5 52. Rxg6 Ra7 53.
Rxh6 Rg7+ 54. Kf2 Rf7 55. Ke3 Re7+ 56. Kd2 Nd8 57. h4 Rg7 58. h5 Nf7 59. Ra6
Rg2+ 60. Ke3 Rg7 61. h6 Rh7 62. Ra7 Rxh6 63. Rxf7 Re6+ 64. Kd3 Ra6 65. Rf5+ Kc6
66. Rf6+ Kb7 67. Rf7+ Kb6 68. Nd4 Kc5 69. Nb3+ Kb4 70. Kc2 Ra2+ 71. Kb1 Rg2 72.
Nd4 Kc3 73. Nf3 Rf2 74. Rc7+ Kb3 75. Nd4+ Kb4 76. Nc2+ Kb5 77. Rb7+ Kc6 78. Rb2
Kc5 79. Ka2 Rf8 80. Nb4 Kc4 81. Rb3 Rf2+ 82. Ka3 Rf8 83. Nc2 Kc5 84. Rc3+ Kd5
85. Nb4+ Ke4 86. Kb3 Rf3 87. Rxf3 Kxf3 {Game drawn because neither player has
mating material} 1/2-1/2

[Event "Team 45 45 League T39"]
[Site "Internet Chess Club"]
[Date "2008.10.26"]
[Round "1"]
[White "sdcohle"]
[Black "ticopatzer"]
[Result "0-1"]
[WhiteElo "1321"]
[BlackElo "1456"]
[Opening "QGD: Albin counter-gambit"]
[ECO "D08"]
[Time "17:30:34"]
[TimeControl "2700+45"]

1. d4 d5 2. c4 e5 3. dxe5 d4 4. Nf3 Nc6 5. e3 Bb4+ 6. Bd2 dxe3 7. Qe2 exd2+ 8.
Nbxd2 Bf5 9. g3 Nd4 10. Nxd4 Qxd4 11. Bg2 O-O-O 12. O-O Qxd2 13. Qf3 c6 14.
Qxf5+ Qd7 15. Qf3 Nh6 16. Rad1 Qe6 17. Rc1 Bc5 18. Rfe1 Qf5 19. Qe2 Rhe8 20. h3
Qg5 21. a3 Rd2 22. Qe4 Bxf2+ 23. Kh2 Qxg3+ 24. Kh1 Bxe1 25. Rxe1 Rxe5 26. Qxe5
Qxg2# {White checkmated} 0-1

[Event "Team 45 45 League T39"]
[Site "Internet Chess Club"]
[Date "2008.10.24"]
[Round "1"]
[White "albacore"]
[Black "IanT"]
[Result "0-1"]
[WhiteElo "1261"]
[BlackElo "1297"]
[Opening "Queen's bishop game"]
[ECO "D02"]
[Time "08:01:58"]
[TimeControl "2700+45"]

1. d4 Nf6 2. Nf3 d5 3. Bf4 Nc6 4. e3 Bg4 5. Nbd2 e6 6. Bd3 Bd6 7. Bxd6 cxd6 8.
h3 Bh5 9. O-O e5 10. dxe5 dxe5 11. Be2 O-O 12. Nh2 Bxe2 13. Qxe2 Re8 14. Rad1 d4
15. Qb5 Qb6 16. Qxb6 axb6 17. a3 b5 18. Rfe1 Na5 19. exd4 exd4 20. Rxe8+ Rxe8
21. b4 Nc6 22. Nb3 Rd8 23. Nf3 Ne4 24. Re1 f5 25. Kf1 d3 26. cxd3 Rxd3 27. Nc5
Nxc5 28. Ng5 Nd7 {White resigns} 0-1

[Event "Team 45 45 League T39"]
[Site "Internet Chess Club"]
[Date "2008.10.24"]
[Round "1"]
[White "Manch"]
[Black "john-beebs"]
[Result "1-0"]
[WhiteElo "1576"]
[BlackElo "1419"]
[Opening "Ruy Lopez: closed, Borisenko defense"]
[ECO "C96"]
[Time "12:59:06"]
[TimeControl "2700+45"]

1. e4 e5 2. Nf3 Nc6 3. Bb5 a6 4. Ba4 Nf6 5. O-O b5 6. Bb3 Be7 7. Re1 O-O 8. c3
d6 9. h3 Na5 10. Bc2 c5 11. d4 Nc6 12. Nbd2 cxd4 13. cxd4 Nxd4 14. Nxd4 exd4 15.
Nf3 Re8 16. Nxd4 Bb7 17. Nf5 Bc8 18. Nxe7+ Rxe7 19. Bg5 Re5 20. f4 Re6 21. e5
Qb6+ 22. Kh1 Nd7 23. Bf5 Re8 24. Qxd6 Qxd6 25. exd6 Nf6 26. Rxe8+ Nxe8 27. Bxc8
Nxd6 28. Bg4 Ne4 29. Bf3 Re8 30. Bxe4 Rxe4 31. f5 f6 32. Bd2 Re2 33. Bc3 Rf2 34.
g4 Kf7 35. a3 Rf4 36. Rd1 Rc4 37. Rd6 Ra4 38. Kg2 Ke7 39. Rd4 Rxd4 40. Bxd4 Kd6
41. Kf3 Kd5 42. Ke3 Kc4 43. Ke4 a5 44. Bc3 b4 45. axb4 axb4 46. Bd4 h6 47. h4 b3
48. Bb6 Kb5 49. Bd8 Kc6 50. Be7 Kd7 51. Bf8 Ke8 52. Bxg7 Kf7 53. Bxh6 {Black
resigns} 1-0

[Event "Team 45 45 League T39"]
[Site "Internet Chess Club"]
[Date "2008.10.23"]
[Round "1"]
[White "Mutaant"]
[Black "Shazaam"]
[Result "1-0"]
[WhiteElo "1493"]
[BlackElo "1517"]
[Opening "Sicilian defense"]
[ECO "B20"]
[Time "19:59:58"]
[TimeControl "2700+45"]

1. e4 c5 2. Bc4 Nc6 3. Nf3 d6 4. h3 Nf6 5. Nc3 g6 6. O-O Bg7 7. Re1 O-O 8. Qe2
Nd4 9. Nxd4 cxd4 10. Nd5 e6 11. Nf4 b6 12. Qf3 Bb7 13. d3 Rc8 14. Ne2 d5 15.
exd5 Nxd5 16. Nf4 Qd7 17. Nxd5 b5 18. Bb3 Bxd5 19. Bxd5 exd5 20. Re2 Rfe8 21.
Bf4 Rxe2 22. Qxe2 Re8 23. Qd2 Qe6 24. Kf1 a6 25. Re1 Qc6 26. Rxe8+ Qxe8 27. Qa5
Qa8 28. Qb6 Bf8 29. Qxd4 Bg7 30. Be5 Bxe5 31. Qxe5 Qc6 32. Qc3 Qd6 33. d4 h5 34.
Qc5 Qe6 35. Qc3 Kg7 36. Qe3 Qc6 37. c3 a5 38. a3 b4 39. axb4 axb4 40. Qd2 bxc3
41. Qxc3 Qa6+ 42. Kg1 f5 43. b4 Kf6 44. Qc5 Ke6 45. Kh2 Qc4 46. Qb6+ Kf7 47. b5
f4 48. g3 fxg3+ 49. Kxg3 Qd3+ 50. f3 Qf1 51. Qb7+ Ke6 52. Qc6+ Ke7 53. Qxd5 Qg1+
54. Kh4 Qf2+ 55. Kg5 Qg3+ 56. Kh6 Qf4+ 57. Qg5+ Qxg5+ 58. Kxg5 Kf7 59. b6 {Black
resigns} 1-0

[Event "Team 45 45 League T39"]
[Site "Internet Chess Club"]
[Date "2008.10.25"]
[Round "1"]
[White "xlxe5"]
[Black "moreffee"]
[Result "0-1"]
[WhiteElo "1287"]
[BlackElo "1405"]
[Opening "Dutch"]
[ECO "A80"]
[Time "13:00:13"]
[TimeControl "2700+45"]

1. d4 f5 2. Nf3 Nf6 3. e3 g6 4. Bd3 Bg7 5. Nbd2 O-O 6. Qe2 d6 7. e4 e6 8. e5
dxe5 9. dxe5 Nfd7 10. O-O Nc6 11. Nc4 b5 12. Ncd2 Ncxe5 13. Nxe5 Nxe5 14. Bxb5
Rb8 15. Bd3 Nxd3 16. Qxd3 Qxd3 17. cxd3 Bxb2 18. Bxb2 Rxb2 19. Nf3 Ba6 20. Rfd1
Kg7 21. d4 Be2 22. Rdc1 Bxf3 23. gxf3 Rf7 24. Rcb1 Rxb1+ 25. Rxb1 Kf6 26. Rb7 c6
27. Rxf7+ Kxf7 28. Kf1 Kf6 29. Ke2 e5 30. dxe5+ Kxe5 31. Ke3 c5 32. f4+ Kd5 33.
Kd3 c4+ 34. Kc3 Ke4 35. Kxc4 Kxf4 36. Kb5 Kf3 37. Ka6 Kxf2 38. Kxa7 f4 39. Kb7
f3 40. a4 Kg2 41. a5 f2 42. a6 f1=Q 43. a7 Qa1 44. h4 Kg3 45. a8=Q Qxa8+ 46.
Kxa8 Kxh4 47. Kb7 g5 48. Kc6 g4 49. Kc5 g3 50. Kd5 g2 51. Kd4 g1=Q+ 52. Ke5 Qg4
53. Kd5 Kg5 54. Ke5 Qf4+ 55. Kd5 Kf5 56. Kc6 Qe5 57. Kd7 Qe6+ 58. Kc7 Ke5 59.
Kb7 Kd5 60. Kc7 Qd6+ 61. Kb7 Qc6+ 62. Kb8 Kc5 63. Ka7 Qb5 64. Ka8 Kc6 65. Ka7
Qb7# {White checkmated} 0-1

[Event "Team 45 45 League T39"]
[Site "Internet Chess Club"]
[Date "2008.10.26"]
[Round "1"]
[White "DrOMM"]
[Black "cobra2008"]
[Result "1-0"]
[WhiteElo "1287"]
[BlackElo "1312"]
[Opening "King's pawn game"]
[ECO "C50"]
[Time "17:00:12"]
[TimeControl "2700+45"]

1. e4 e5 2. Nf3 Nc6 3. Bc4 h6 4. O-O Nf6 5. Re1 Bc5 6. h3 a6 7. a3 d6 8. c3 Bd7
9. d4 Bb6 10. d5 Ne7 11. Ba2 Qb8 12. Be3 Bxe3 13. Rxe3 O-O 14. Nbd2 Qc8 15. Rc1
b6 16. Nh2 Kh7 17. Bb1 Rh8 18. Ndf1 Kg8 19. Ng3 Ng6 20. Nf5 Kf8 21. Ng4 Nxg4 22.
Qxg4 Rg8 23. h4 Qd8 24. Rh3 Nf4 25. Rg3 Bxf5 26. exf5 Qf6 27. c4 Rd8 28. Re3 Re8
29. g3 h5 30. Qf3 Nh3+ 31. Kh2 Nxf2 32. Qxf2 Ke7 33. Qf3 Rh8 34. b4 Kd8 35. Bd3
Re7 36. c5 b5 37. c6 Rhe8 38. Qxh5 e4 39. Rce1 g6 40. Qh6 Qxf5 41. Rf1 Qxd5 42.
Be2 Qxc6 43. Qg5 Kc8 44. Bg4+ Kb8 45. Kh3 Re5 46. Qf4 f5 47. Bd1 Qd7 48. Bb3 Qh7
49. Qg5 R8e7 50. Rd1 Qg7 51. Re2 e3 52. Rde1 Re4 53. Rxe3 c5 54. Rxe4 fxe4 55.
Bd5 c4 56. Rxe4 Re5 57. Rxe5 Qxe5 58. Qd8+ Ka7 59. Qa8+ Kb6 60. Qb7# {Black
checkmated} 1-0

[Event "Team 45 45 League T39"]
[Site "Internet Chess Club"]
[Date "2008.10.25"]
[Round "1"]
[White "MiroslavR"]
[Black "mfeatherston"]
[Result "0-1"]
[WhiteElo "1878"]
[BlackElo "1812"]
[Opening "Sicilian: closed"]
[ECO "B23"]
[Time "14:01:49"]
[TimeControl "2700+45"]

1. e4 c5 2. Nc3 g6 3. f4 Bg7 4. Nf3 Nc6 5. Bb5 Nd4 6. O-O e6 7. e5 a6 8. Bd3
Nxf3+ 9. Qxf3 d5 10. b3 Ne7 11. a4 Qc7 12. Ba3 b6 13. Qf2 Nc6 14. h3 O-O 15.
Rae1 f6 16. Qg3 fxe5 17. fxe5 Rxf1+ 18. Rxf1 Qxe5 19. Qf3 Qd4+ 20. Kh1 Ne5 21.
Qe2 Nxd3 22. cxd3 Bd7 23. Bb2 Rf8 24. Rxf8+ Bxf8 25. Nd1 Qf4 26. Be5 Qf5 27. Bc7
b5 28. Ne3 Qf7 29. a5 Bc6 30. Be5 d4 31. Ng4 Qf5 32. Kh2 Bg7 33. Bxg7 Kxg7 34.
Nf2 Bd5 35. Ne4 Qe5+ 36. g3 Bxb3 37. h4 Bd5 38. Qg4 c4 39. Nc5 c3 40. dxc3 dxc3
41. d4 Qe3 {White resigns} 0-1

[Event "Team 45 45 League T39"]
[Site "Internet Chess Club"]
[Date "2008.10.26"]
[Round "1"]
[White "Fuzzie"]
[Black "Bega"]
[Result "1-0"]
[WhiteElo "1831"]
[BlackElo "1799"]
[Opening "Vienna game"]
[ECO "C28"]
[Time "13:00:20"]
[TimeControl "2700+45"]

1. e4 e5 2. Bc4 Nc6 3. Nc3 Nf6 4. d3 h6 5. Nge2 Bc5 6. Na4 Be7 7. h3 a6 8. Nac3
b5 9. Bb3 Na5 10. Be3 c6 11. f4 d6 12. O-O O-O 13. fxe5 dxe5 14. Ng3 c5 15. Bd5
Rb8 16. Bb3 Qc7 17. Nd5 Nxd5 18. Bxd5 c4 19. b3 Bb7 20. Bxb7 Nxb7 21. Kh1 Rbd8
22. Nf5 Bc5 23. Bxh6 Nd6 24. Bxg7 Nxe4 25. Qg4 f6 26. Bxf6+ {Black resigns} 1-0

[Event "Team 45 45 League T39"]
[Site "Internet Chess Club"]
[Date "2008.10.24"]
[Round "1"]
[White "Grenadier"]
[Black "Russellovich"]
[Result "1-0"]
[WhiteElo "1705"]
[BlackElo "1775"]
[Opening "Ruy Lopez: Schliemann defense"]
[ECO "C63"]
[Time "08:00:25"]
[TimeControl "2700+45"]

1. e4 e5 2. Nf3 Nc6 3. Bb5 f5 4. Bxc6 dxc6 5. Nxe5 Qd4 6. Nf3 Qxe4+ 7. Qe2 Qxe2+
8. Kxe2 Bd7 9. Re1 O-O-O 10. Ne5 Re8 11. Kf1 Be6 12. Nc3 c5 13. d3 Bd6 14. Nc4
Bxh2 15. g3 f4 16. Kg2 fxg3 17. fxg3 Bxg3 18. Kxg3 Nf6 19. Be3 h5 20. Bxc5 h4+
21. Kh2 g5 22. Ne5 g4 23. Bf2 g3+ 24. Bxg3 hxg3+ 25. Kxg3 Reg8+ 26. Kf2 Rh2+ 27.
Ke3 Rg3+ 28. Kd4 b6 29. Ne4 c5+ 30. Kc3 Nd5+ 31. Kc4 Ne3+ 32. Kb5 Nxc2 33. Nxg3
Nd4+ 34. Ka6 Kb8 35. Nc6+ Ka8 36. Nxd4 Bc8+ 37. Kb5 Rxb2+ 38. Kc4 Rb4+ 39. Kc3
Rxd4 40. Re8 Kb7 41. Rae1 Bd7 42. R8e7 Kc8 43. Ne4 Kd8 44. Nf6 Bb5 45. Rxa7
Rxd3+ 46. Kc2 Rd6 47. Ra8+ Kc7 48. Re7+ Bd7 49. Rxd7+ Rxd7 50. Nxd7 Kxd7 51. Kc3
{Black resigns} 1-0

[Event "Team 45 45 League T39"]
[Site "Internet Chess Club"]
[Date "2008.10.26"]
[Round "1"]
[White "Rainbird"]
[Black "kabindra"]
[Result "1-0"]
[WhiteElo "1853"]
[BlackElo "1816"]
[Opening "English, 1...Nf6 (Anglo-Indian defense)"]
[ECO "A15"]
[Time "08:30:11"]
[TimeControl "2700+45"]

1. c4 Nf6 2. g3 d5 3. cxd5 Nxd5 4. Bg2 c6 5. Nf3 Bf5 6. d3 Nd7 7. e4 Bg4 8. exd5
Ne5 9. O-O cxd5 10. Qa4+ Bd7 11. Qb3 Nxf3+ 12. Bxf3 Bc6 13. Nc3 e6 14. Re1 Be7
15. Ne2 O-O 16. Nd4 Rb8 17. Bf4 Bd6 18. Bxd6 Qxd6 19. Nxc6 bxc6 20. Qc2 c5 21.
Rac1 Rfc8 22. b3 g6 23. Qc3 h5 24. d4 c4 25. bxc4 Rxc4 26. Qd2 Rcb4 27. Rc2 Qb6
28. Rec1 Rxd4 29. Rc8+ Rxc8 30. Rxc8+ Kg7 31. Qc3 e5 32. Qa3 e4 33. Qf8+ Kf6 34.
Qh8+ Kf5 35. Bxh5 Rd2 36. Bxg6+ Qxg6 37. Rg8 Qb6 38. Qh5+ Ke6 39. Qh6+ Ke7 40.
Qxd2 {Black resigns} 1-0

[Event "Team 45 45 League T39"]
[Site "Internet Chess Club"]
[Date "2008.10.23"]
[Round "1"]
[White "CREDITorDEBIT"]
[Black "RealChosenOne"]
[Result "0-1"]
[WhiteElo "1756"]
[BlackElo "1778"]
[Opening "Sicilian: Pelikan (Lasker/Sveshnikov) variation"]
[ECO "B33"]
[Time "12:05:14"]
[TimeControl "2700+45"]

1. e4 c5 2. Nf3 Nc6 3. d4 cxd4 4. Nxd4 Nf6 5. Nc3 e5 6. Ndb5 d6 7. Bg5 a6 8.
Bxf6 gxf6 9. Na3 f5 10. Bd3 Rg8 11. g3 Nd4 12. Nd5 fxe4 13. Bxe4 Bg4 14. f3 Be6
15. c3 f5 16. cxd4 fxe4 17. fxe4 Bxd5 18. exd5 Qa5+ 19. Qd2 Qxd5 20. O-O-O Qxa2
21. Qb4 Bh6+ 22. Kc2 Rc8+ 23. Kd3 Qd5 24. Rhf1 Rg4 25. Nc2 Qe4# {White
checkmated} 0-1

[Event "Team 45 45 League T39"]
[Site "Internet Chess Club"]
[Date "2008.10.26"]
[Round "1"]
[White "Konstantinos"]
[Black "Mater"]
[Result "1-0"]
[WhiteElo "1693"]
[BlackElo "1686"]
[Opening "QGA: 3.e4"]
[ECO "D20"]
[Time "12:00:37"]
[TimeControl "2700+45"]

1. d4 d5 2. c4 dxc4 3. e4 b5 4. Nc3 a6 5. a4 b4 6. Na2 b3 7. Nc3 e6 8. Bxc4 Nf6
9. Nf3 Bb7 10. Qxb3 Bxe4 11. Nxe4 Nxe4 12. O-O Nd7 13. Re1 Nd6 14. Bg5 Be7 15.
Bxe7 Qxe7 16. Bxe6 O-O 17. Bd5 Qd8 18. Bxa8 Qxa8 19. Re7 Qd8 20. Rae1 Nf5 21.
R7e2 Nf6 22. Qc4 Qd6 23. b4 h6 24. h3 Rb8 25. b5 axb5 26. axb5 Ra8 27. Re5 Qd7
28. Qc6 Nxd4 29. Qxa8+ {Black resigns} 1-0

[Event "Team 45 45 League T39"]
[Site "Internet Chess Club"]
[Date "2008.10.28"]
[Round "1"]
[White "jorobo"]
[Black "nardz"]
[Result "1-0"]
[WhiteElo "2162"]
[BlackElo "2101"]
[Opening "QGD Slav: 4.Nc3"]
[ECO "D15"]
[Time "06:58:20"]
[TimeControl "2700+45"]

1. c4 c6 2. Nc3 d5 3. d4 Nf6 4. Nf3 a6 5. e3 b5 6. b3 Bg4 7. Be2 Nbd7 8. O-O e6
9. h3 Bh5 10. Bb2 Bd6 11. Ne5 Bxe2 12. Nxe2 Rc8 13. Rc1 O-O 14. cxd5 cxd5 15.
Rxc8 Qxc8 16. f3 Qb8 17. Nxd7 Nxd7 18. e4 Rc8 19. Qd2 Rc6 20. Rc1 Qc7 21. Rxc6
Qxc6 22. Qc3 Qxc3 23. Nxc3 Nb6 24. Kf2 Kf8 25. Ke3 Ke8 26. Ne2 Kd7 27. Nc1 Kc6
28. Nd3 Nd7 29. Bc3 Be7 30. Bb4 Bg5+ 31. Ke2 dxe4 32. fxe4 f5 33. d5+ exd5 34.
exf5 d4 35. Bd2 Be7 36. Nf4 Ne5 37. Ne6 d3+ 38. Ke3 g6 39. fxg6 hxg6 40. Bc3 Nd7
41. Kxd3 Bd6 42. Ke4 Nb6 43. Bd4 Nd5 44. Nd8+ {Black resigns} 1-0

[Event "Team 45 45 League T39"]
[Site "Internet Chess Club"]
[Date "2008.10.29"]
[Round "1"]
[White "baumhauer"]
[Black "chsrules88"]
[Result "0-1"]
[WhiteElo "1952"]
[BlackElo "2059"]
[Opening "English: three knights system"]
[ECO "A27"]
[Time "09:51:06"]
[TimeControl "2700+45"]

1. Nf3 Nc6 2. c4 e5 3. Nc3 Bc5 4. a3 a5 5. e3 Nf6 6. d4 exd4 7. exd4 Ba7 8. Bg5
O-O 9. Nd5 Qe8+ 10. Be2 Nxd5 11. cxd5 Ne7 12. d6 cxd6 13. O-O d5 14. Re1 d6 15.
Bxe7 Qxe7 16. Bc4 Be6 17. Bxd5 Qf6 18. Bxe6 fxe6 19. Qb3 Rae8 20. Rad1 Re7 21.
Qd3 Rc7 22. Re2 Rfc8 23. Qd2 Qf5 24. Qe1 Re8 25. Rc1 Rxc1 26. Qxc1 Qd5 27. Qc3
Rf8 28. h3 h6 29. b3 Re8 30. a4 Bb6 31. Qd3 Re7 32. Rc2 Qf5 33. Rc8+ Kf7 34. Qc4
Qe4 35. Qb5 Bxd4 36. Qh5+ g6 37. Qxh6 Qb1+ 38. Kh2 Bg7 39. Ng5+ Kf6 40. Nh7+ Ke5
41. Qg5+ Qf5 42. Qxe7 Bh6 43. Qf6+ Qxf6 44. Nxf6 Kxf6 45. Rb8 d5 46. Rxb7 Bd2
47. Kg3 Be1 48. Kf3 Ke5 49. Ke2 Bc3 50. Kd3 Be1 51. f3 g5 52. Rg7 Kf4 53. Ke2
Bc3 54. h4 Bxg7 {White resigns} 0-1

[Event "Team 45 45 League T39"]
[Site "Internet Chess Club"]
[Date "2008.10.27"]
[Round "1"]
[White "PaulKaspar"]
[Black "QueensCounselor"]
[Result "1/2-1/2"]
[WhiteElo "1824"]
[BlackElo "1896"]
[Opening "Sicilian defense"]
[ECO "B20"]
[Time "13:00:12"]
[TimeControl "2700+45"]

1. e4 c5 2. Bd3 d6 3. c3 Nf6 4. Bc2 Nc6 5. Nf3 g6 6. O-O Bg7 7. d4 Bg4 8. d5 Ne5
9. Nbd2 O-O 10. h3 Nxf3+ 11. Nxf3 Bd7 12. Re1 e6 13. c4 Qb6 14. Bb3 Rfe8 15. e5
dxe5 16. Nxe5 exd5 17. Nxd7 Nxd7 18. cxd5 Qd6 19. Rb1 Nb6 20. Be3 c4 21. Ba4
Nxa4 22. Qxa4 Qxd5 23. Rbd1 Qc6 24. Qxc6 bxc6 25. Re2 Rab8 26. Rdd2 f5 27. Rc2
f4 28. Bc1 Rxe2 29. Rxe2 Bd4 30. Rc2 g5 31. Rxc4 Bxb2 32. Rxc6 Bxc1 {Game drawn
by mutual agreement} 1/2-1/2

[Event "Team 45 45 League T39"]
[Site "Internet Chess Club"]
[Date "2008.10.26"]
[Round "1"]
[White "ChronoKnight"]
[Black "therealwizard"]
[Result "0-1"]
[WhiteElo "2008"]
[BlackElo "2188"]
[Opening "Ruy Lopez: open, Bernstein variation"]
[ECO "C80"]
[Time "23:00:05"]
[TimeControl "2700+45"]

1. e4 e5 2. Nf3 Nc6 3. Bb5 Nf6 4. O-O Nxe4 5. d4 a6 6. Ba4 b5 7. Bb3 d5 8. dxe5
Be6 9. Nbd2 Nc5 10. c3 Be7 11. Bc2 Bg4 12. Re1 O-O 13. Nf1 Re8 14. h3 Bh5 15.
Ng3 Bg6 16. Be3 Qd7 17. Bxg6 hxg6 18. h4 Rad8 19. Qc2 Qg4 20. Bg5 Bxg5 21. hxg5
Nd7 22. e6 Rxe6 23. Rxe6 Qxe6 24. Re1 Qg4 25. Qd2 Nf8 26. Nh2 Qc4 27. b3 Qc5 28.
Qf4 Ne6 29. Qh4 Qxc3 30. Re3 Qc1+ 31. Ngf1 Ncd4 32. Ng4 Nf5 33. Qh2 Nxe3 34.
Nxe3 d4 35. Ng4 c5 36. Ne5 d3 37. Nc6 d2 {White resigns} 0-1

[Event "Team 45 45 League T39"]
[Site "Internet Chess Club"]
[Date "2008.10.26"]
[Round "1"]
[White "decox"]
[Black "Aluminum"]
[Result "1-0"]
[WhiteElo "2030"]
[BlackElo "1822"]
[Opening "QGD semi-Slav: Stoltz variation"]
[ECO "D45"]
[Time "18:34:01"]
[TimeControl "2700+45"]

1. d4 d5 2. c4 e6 3. Nc3 Nf6 4. Nf3 c6 5. e3 Nbd7 6. Qc2 Be7 7. b3 O-O 8. Bd3 b6
9. Bb2 Bb7 10. O-O Rc8 11. Rad1 Qc7 12. Rfe1 Rfd8 13. Qe2 Nf8 14. e4 dxe4 15.
Nxe4 Nxe4 16. Bxe4 Bf6 17. h3 c5 18. d5 Bxb2 19. Qxb2 exd5 20. cxd5 Rd6 21. Ne5
Nd7 22. Nc4 Rf6 23. d6 Qb8 24. Qc2 Bxe4 25. Qxe4 b5 26. Ne5 Nxe5 27. Qxe5 Re6
28. Qd5 Rxe1+ 29. Rxe1 Rd8 30. d7 c4 31. bxc4 bxc4 32. Qc6 Kf8 33. Qc5+ Kg8 34.
Qxa7 Kf8 35. Qc5+ Kg8 36. Qe3 g6 37. Rd1 Qc7 38. a4 c3 39. Qd3 c2 40. Rc1 Rxd7
41. Rxc2 Rxd3 42. Rxc7 Ra3 43. Ra7 Ra1+ 44. Kh2 Kg7 45. a5 h6 46. a6 Kf6 47. Ra8
h5 48. a7 Ra2 49. Kg3 Kf5 50. Kf3 Ra4 51. g3 f6 52. h4 Ra3+ 53. Ke2 Ra2+ 54. Kd3
Ra3+ 55. Kd4 Ra4+ 56. Kc5 Ra1 57. f3 Rc1+ 58. Kd6 Rd1+ 59. Ke7 Ra1 60. Kf8 Ra2
61. Kg7 Ra4 62. Kh6 Ra6 63. Rg8 Rxa7 64. Rxg6 Ra3 65. g4+ hxg4 66. fxg4+ Ke6 67.
g5 Rf3 68. Kg7 Rh3 69. gxf6 Rxh4 70. f7+ Ke5 71. f8=Q Rd4 72. Rg5+ Ke4 73. Qf5+
Ke3 74. Rg3+ Kd2 75. Qf2+ Kc1 76. Qxd4 Kb1 77. Qf2 Ka1 78. Rg1# {Black
checkmated} 1-0